 Dungeon Crawl Stone Soup version 0.27.1 (webtiles) character file.

Game seed: 12329436577803570842

0 Gabies the Vexing (level 1, 0/16 HPs)
             Began as a Draconian Arcane Marksman on Aug 28, 2021.
             Slain by a ball python (1 damage)
             ... on level 1 of the Dungeon.
             The game lasted 00:01:01 (119 turns).

Gabies the Vexing (Draconian Arcane Marksman)        Turns: 119, Time: 00:01:01

Health: 0/16       AC:  4    Str: 12    XL:     1   Next: 0%
Magic:  2/2        EV: 12    Int: 13    God:
Gold:   0          SH:  0    Dex: 11    Spells: 1/2 levels left

rFire    . . .     SeeInvis .   a - +0 hand crossbow
rCold    . . .     Faith    .   (no shield)
rNeg     . . .     Spirit   .   (armour unavailable)
rPois    .         Reflect  .   (helmet restricted)
rElec    .         Harm     .   (no cloak)
rCorr    .         Rampage  .   (no gloves)
Will     .....                  (no boots)
Stlth    +.........             (no amulet)
HPRegen  0.05/turn              (no ring)
MPRegen  0.08/turn              (no ring)

@: no status effects
A: AC +4, unfitting armour, cold-blooded
a: no special abilities


You were on level 1 of the Dungeon.
You visited 1 branch of the dungeon, and saw 1 of its levels.

Inventory:

Hand Weapons
 a - a +0 hand crossbow (weapon)
Missiles
 c - 20 bolts (quivered ammo)


   Skills:
 + Level 1.1 Fighting
 + Level 1.7 Crossbows
 + Level 1.7 Dodging
 + Level 1.0 Spellcasting
 + Level 2.6 Hexes


You had one spell level left.
You knew the following spells:

 Your Spells              Type           Power      Damage    Failure   Level
a - Corona                Hex            7%         N/A       10%         1

Your spell library contained the following spells:

 Spells                   Type           Power      Damage    Failure   Level
 Slow                     Hex            7%         N/A       14%         2
 Inner Flame              Hex/Fire       4%         N/A       43%         3
 Portal Projectile        Hex/Tloc       8%         N/A       43%         3
 Cause Fear               Hex            3%         N/A       67%         4


Dungeon Overview and Level Annotations

Branches:
Dungeon (1/15)

Altars:


Innate Abilities, Weirdness & Mutations

Your plain brown scales are hard. (AC +4)
You cannot fit into any form of body armour.
You are cold-blooded and may be slowed by cold attacks.


Message History

You clumsily bash the plant but do no damage.
You clumsily bash the plant but do no damage.
You clumsily bash the plant but do no damage.
You clumsily bash the plant but do no damage.
You clumsily bash the plant but do no damage.
You clumsily bash the plant but do no damage.
You clumsily bash the plant but do no damage.
You clumsily bash the plant but do no damage.
You clumsily bash the plant but do no damage.
You tail-slap the plant, but do no damage.
A ball python and a quokka come into view.
Found a viscous blue potion.
You clumsily bash the quokka but do no damage.
Your tail-slap misses the quokka.
The quokka bites you. x2
You closely miss the quokka.
The ball python hisses angrily.
The quokka bites you.
You clumsily bash the quokka but do no damage.
The quokka bites you. x2
You closely miss the quokka.
The quokka bites you but does no damage.
The ball python bites you but does no damage.
The ball python grabs you. The ball python constricts you.
The quokka closely misses you. The ball python barely misses you.
The ball python constricts you.
The ball python's grasp on you weakens, but your attempt to escape fails.
The quokka bites you.
* * * LOW HITPOINT WARNING * * *
The ball python barely misses you. The ball python constricts you.
You escape the ball python's grasp.
The quokka closely misses you. The ball python bites you.
* * * LOW HITPOINT WARNING * * *
The ball python completely misses you. The quokka barely misses you.
You closely miss the quokka.
You tail-slap the quokka, but do no damage.
The ball python misses you. The ball python barely misses you.
The quokka bites you but does no damage.
The ball python bites you.
You die...

.... #.######. ....#
....... #...
##.....#####.#.## #...
#................ .....
#..P#≈#P......#≈# .....
#.P##≈##P....##≈# ......
#..≈≈≈≈≈..<..≈≈≈≈
......###.P##≈##P....##≈#
.......r@..P#≈#P......#≈#
.......S.................
.......................##
......##################
...... ...... ..... ...!.
....


You could see a quokka and a ball python.

Vanquished Creatures (others)
  5 plants (D:1)
5 creatures vanquished.

Notes
Turn   | Place    | Note
-------+----------+-------------------------------------------
     0 | D:1      | Gabies the Draconian Arcane Marksman began the quest for
                  | the Orb.
     0 | D:1      | Reached XP level 1. HP: 16/16 MP: 2/2
   119 | D:1      | Slain by a ball python

Illustrated notes

Levels and vault maps discovered:
D:1:      eino_arrival_water_cross, layout_basic, serial_shops,
          nicolae_lakefront_shop

Action                   || total
-------------------------++-------
Melee: Hand crossbow     ||    45
       Tailslap          ||    11
Armor: Skin              ||     3
Dodge: Dodged            ||     8
